 Dungeon Crawl Stone Soup version 0.25-a0-435-g4b9beb1024 (webtiles) character file.

Game seed: 580417479854707038, levelgen mode: deterministic

4893 Emblim88 the Ruffian (level 10, -6/81 HPs)
             Began as a Troll Venom Mage on Jan 27, 2020.
             Was a High Priest of Okawaru.
             Mangled by a slime creature (9 damage)
             ... on level 8 of the Dungeon on Jan 28, 2020.
             The game lasted 00:21:08 (6966 turns).

Emblim88 the Ruffian (Troll Venom Mage)             Turns: 6966, Time: 00:21:09

Health: -6/81      AC:  8    Str: 18    XL:     10   Next: 26%
Magic:  0/14       EV: 10    Int: 14    God:    Okawaru [*****.]
Gold:   286        SH:  0    Dex: 10    Spells: 1/16 levels left

rFire    x . .     SeeInvis .     - Unarmed
rCold    + . .     Gourm    +   (no shield)
rNeg     . . .     Faith    .   x - +1 robe of Contentment {rCorr}
rPois    +         Spirit   +   (helmet restricted)
rElec    .         Reflect  .   C - +0 cloak
rCorr    +         Harm     .   (gloves unavailable)
MR       .....                  (boots unavailable)
Stlth    +.........             v - amulet of guardian spirit
HPRegen  0.63/turn              e - ring of poison resistance
MPRegen  0.14/turn              k - ring of ice

@: no status effects
A: large, unfitting armour, claws 3, fast metabolism 3, gourmand, regeneration
1, shaggy fur 1, tough skin 3
a: Heroism, Finesse, Renounce Religion


You were on level 8 of the Dungeon.
You worshipped Okawaru.
Okawaru was extremely pleased with you.
You were very full.

You visited 2 branches of the dungeon, and saw 10 of its levels.

You collected 286 gold pieces.

Inventory:

Missiles
 f - 2 throwing nets
 q - 5 boomerangs (quivered)
 z - 29 poisoned darts
Armour
 a - a +2 robe
 x - the +1 robe of Contentment (worn) {rCorr}
   (You found it on level 9 of the Dungeon)

   It provides partial protection from all sources of acid and corrosion.
   If you remove this armour, your AC will fall 3 points (8 -> 5)
 C - a +0 cloak (worn)
Magical Staves
 g - an uncursed staff of energy
 D - an uncursed staff of death
Jewellery
 e - a ring of poison resistance (left claw)
 k - a ring of ice (right claw)
 n - an uncursed ring of stealth
 v - an amulet of guardian spirit (around neck)
 A - an uncursed ring of fire
Wands
 w - a wand of iceblast (9)
 G - a wand of enslavement (11)
Scrolls
 b - 4 scrolls of amnesia
 d - 4 scrolls of teleportation {unknown}
 i - 2 scrolls of enchant armour
 j - 2 scrolls of blinking {unknown}
 t - a scroll of enchant weapon
 y - 2 scrolls of magic mapping {unknown}
 E - a scroll of fog
 F - a scroll of remove curse
Potions
 h - a potion of agility
 l - a potion of cancellation
 o - 3 potions of brilliance
 p - 2 potions of magic
 r - a potion of resistance
 s - a potion of flight
 u - a potion of degeneration
 B - a potion of curing
 H - a potion of mutation {unknown}
Miscellaneous
 J - a phantom mirror
Comestibles
 c - 22 rations


   Skills:
 - Level 1.2 Throwing
 - Level 2.7 Dodging
 - Level 1.0 Stealth
 * Level 7.8 Unarmed Combat
 + Level 3.6 Spellcasting
 + Level 4.1 Transmutations
 + Level 3.0 Earth Magic
 * Level 6.5 Poison Magic
 + Level 3.7 Invocations


You had one spell level left.
You knew the following spells:

 Your Spells              Type           Power        Failure   Level  Hunger
a - Sting                 Tmut/Pois      ###.         2%          1    None
b - Poisonous Vapours     Pois/Air       ##....       8%          2    ##.....
c - Olgreb's Toxic Radia  Pois           ###.....     14%         4    ####...
d - Passwall              Tmut/Erth      ##......     7%          2    ##.....
e - Mephitic Cloud        Conj/Pois/Air  #.......     24%         3    ###....
f - Ignite Poison         Fire/Tmut/Pois ##......     14%         3    ###....

Your spell library contained the following spells:

 Spells                   Type           Power        Failure   Level  Hunger
 Sandblast                Erth           ##....       6%          1    None
 Stone Arrow              Conj/Erth      #.....       32%         3    ###....
 Petrify                  Tmut/Erth      ##......     41%         4    ####...
 Lee's Rapid Deconstruct  Erth           ##........   85%         5    ######.


Dungeon Overview and Level Annotations

Branches:
Dungeon (9/15)             Temple (1/1) D:4
   Lair: D:8-11         Orc: D:9-12

Altars:
Ashenzari
Cheibriados
Dithmenos
Elyvilon
Fedhas
Gozag
Hepliaklqana
Kikubaaqudgha
Makhleb
Nemelex Xobeh
Okawaru
Qazlal
Ru
Sif Muna
Trog
Uskayaw
Vehumet
Wu Jian
Xom
Yredelemnul
Zin
The Shining One

Annotations:
D:9 2 runed translucent doors


Innate Abilities, Weirdness & Mutations

You are too large for most types of armour.
You have claws for hands.
Your metabolism is lightning-fast.
You like to eat raw meat.
Your natural rate of healing is unusually fast.
You are covered in fur. (AC +1)
You have extremely tough skin. (AC +3)


Message History

The slime creature hits you!
You claw the slime creature!
The slime creature is heavily wounded.
The slime creature hits you.
You scratch the slime creature.
The slime creature is heavily wounded.
The slime creature hits you.
You claw the slime creature!
The slime creature is severely wounded.
The slime creature barely misses you. The slime creature hits you!
You scratch the slime creature.
The slime creature is severely wounded.
The slime creature hits you.
* * * LOW HITPOINT WARNING * * *
The slime creature hits you!
* * * LOW HITPOINT WARNING * * *
The slime creature hits you!
* * * LOW HITPOINT WARNING * * *
The slime creature hits you!
You die...

##.####..###..##...##...##....##'
##.####..############............
#......[..'.........#............
#......[..#[........#...........(
#.........#.........#............
#.....><..#.........#............
##..###...########.####'####.....
....###...###...##.####.####....#
.....#.....#....@................
.....#.....'...JJ................
.....#.....#.....................
.....'.....#.....................
.....#.....#.....................
....##...####.####..#####+###...#
##'##########.####..###...######.
#....................#..)...#....
#......J...))........#...<..#....


You could see 2 slime creatures.

Vanquished Creatures
  A two-headed ogre (D:8)
  A kobold demonologist (D:9)
  A hornet (D:7)
  Sigmund (D:6)
  A hungry ghost (D:8)
  A wraith (D:9)
  Menkaure (D:7)
  Edmund (D:6)
  2 orc warriors
  A water moccasin (D:8)
  A sky beast (D:7)
  5 phantoms
  A necrophage (D:7)
  4 ogres
  3 centaurs
  2 bullfrogs (D:6)
  4 scorpions
  3 wights (D:8)
  A howler monkey (D:6)
  6 crimson imps
  A bullfrog zombie (D:8)
  Crazy Yiuf (D:7)
  2 bullfrog skeletons (D:7)
  3 hounds
  3 jellies (D:8)
  An orc priest (D:8)
  6 orc wizards
  An iguana (D:5)
  3 worker ants
  A hound zombie (D:5)
  A hound skeleton (D:4)
  A worker ant zombie (D:5)
  13 adders
  4 gnolls (D:6)
  3 shadow imps
  5 oozes (D:8)
  2 adder zombies
  3 worms
  2 dart slugs
  A leopard gecko (D:4)
  19 orcs
  A giant cockroach (D:5)
  11 goblins
  9 hobgoblins
  2 jackals (D:1)
  A ball python (D:2)
  A ball python skeleton (D:5)
  11 bats
  A frilled lizard (D:1)
  A jackal skeleton (D:8)
  9 kobolds
  8 rats
172 creatures vanquished.

Vanquished Creatures (others)
  An orc wizard (D:3)
1 creature vanquished.

Grand Total: 173 creatures vanquished

Notes
Turn   | Place    | Note
-------+----------+-------------------------------------------
     0 | D:1      | Emblim88 the Troll Venom Mage began the quest for the Orb.
     0 | D:1      | Reached XP level 1. HP: 16/16 MP: 1/1
    55 | D:1      | Reached XP level 2. HP: 9/24 MP: 2/2
   194 | D:1      | Reached skill level 1 in Unarmed Combat
   336 | D:1      | Reached XP level 3. HP: 30/31 MP: 4/4
   345 | D:1      | Learned a level 2 spell: Poisonous Vapours
   559 | D:2      | Reached skill level 1 in Transmutations
   755 | D:2      | Noticed a centaur
   768 | D:2      | Killed a centaur
   768 | D:2      | Reached skill level 2 in Unarmed Combat
   768 | D:2      | Reached XP level 4. HP: 8/39 MP: 5/5
   768 | D:2      | Reached XP level 5. HP: 9/45 MP: 6/6
  1187 | D:2      | Learned a level 4 spell: Olgreb's Toxic Radiance
  1222 | D:3      | Found a glowing drain.
  1436 | D:3      | Found a basalt altar of Yredelemnul.
  2055 | D:4      | Reached XP level 6. HP: 49/53 MP: 7/7
  2071 | D:4      | Found a staircase to the Ecumenical Temple.
  2167 | Temple   | Entered the Ecumenical Temple
  2620 | Temple   | Became a worshipper of Warmaster Okawaru
  2895 | D:4      | Found a sparkling altar of Nemelex Xobeh.
  2903 | D:4      | Reached skill level 3 in Unarmed Combat
  3036 | D:4      | Found a bloodstained altar of Trog.
  3214 | D:5      | Entered Level 5 of the Dungeon
  3218 | D:5      | Found a hide-covered altar of Uskayaw.
  3218 | D:5      | Noticed a +0 hand axe
  3218 | D:5      | Noticed a +0 hand axe
  3278 | D:5      | Found a shadowy altar of Dithmenos.
  3321 | D:5      | Reached skill level 1 in Throwing
  3703 | D:5      | Reached XP level 7. HP: 59/59 MP: 9/9
  4108 | D:6      | Noticed Edmund
  4136 | D:6      | Killed Edmund
  4136 | D:6      | Reached * piety under Okawaru
  4251 | D:6      | Reached skill level 4 in Unarmed Combat
  4714 | D:6      | Noticed Sigmund
  4725 | D:6      | Killed Sigmund
  4725 | D:6      | Reached ** piety under Okawaru
  4725 | D:6      | Reached skill level 1 in Invocations
  4725 | D:6      | Reached XP level 8. HP: 56/67 MP: 3/10
  4751 | D:6      | Reached skill level 5 in Unarmed Combat
  5151 | D:7      | Noticed Menkaure
  5158 | D:7      | Killed Menkaure
  5169 | D:7      | Reached skill level 5 in Poison Magic
  5221 | D:7      | Learned a level 2 spell: Passwall
  5229 | D:7      | Found a runed translucent door.
  5230 | D:7      | Noticed Crazy Yiuf
  5406 | D:7      | Reached skill level 6 in Unarmed Combat
  5581 | D:7      | Killed Crazy Yiuf
  5624 | D:7      | Learned a level 3 spell: Mephitic Cloud
  5631 | D:8      | Noticed a two-headed ogre
  5647 | D:8      | Killed a two-headed ogre
  5647 | D:8      | Reached *** piety under Okawaru
  5647 | D:8      | Reached skill level 1 in Earth Magic
  5647 | D:8      | Reached XP level 9. HP: 53/74 MP: 1/12
  5911 | D:8      | Reached skill level 7 in Unarmed Combat
  6061 | D:8      | Reached **** piety under Okawaru
  6246 | D:8      | Reached XP level 10. HP: 67/81 MP: 9/14
  6489 | D:8      | Learned a level 3 spell: Ignite Poison
  6527 | D:9      | Found a large runed translucent door.
  6527 | D:9      | Found a large runed translucent door.
  6532 | D:9      | Found a large runed translucent door.
  6532 | D:9      | Found a large runed translucent door.
  6672 | D:9      | Reached ***** piety under Okawaru
  6682 | D:9      | Got an ominously black robe
  6702 | D:9      | Identified the +1 robe of Contentment {rCorr} (You found it
                  | on level 9 of the Dungeon)
  6947 | D:7      | Found a shimmering blue altar of Sif Muna.
  6966 | D:8      | HP: 3/81 [slime creature (8)]
  6966 | D:8      | Mangled by a slime creature

Levels and vault maps discovered:
D:1:      saegor_arrival_simple_d, layout_rooms
D:2:      layout_loops_ring, grunt_ministairs_5,
          hangedman_abyss_or_decor_lesser_grid
D:3:      layout_rooms, yredelemnul_altar_generic, gup_sewer_entry_glass,
          roderic_lattice_a
D:4:      layout_loops_ring, nemelex_xobeh_ov_fountains_minmay,
          minmay_temple_entry_antechambers, first_ration,
          chequers_serial_rivers_micro_e, bloody_trog
D:5:      layout_layer_cave, dancing_weapons_uskayaw,
          nicolae_dithmenos_the_darkroom
D:6:      layout_basic, uniq_edmund, uniq_sigmund
D:7:      layout_rooms, nicolae_overflow_hidden_temple, uniq_crazy_yiuf_cottage,
          uniq_menkaure
D:8:      layout_gridville, hangedman_little_slice_of_home
D:9:      layout_roguey, biasface_ghost_orc_armoury,
          minmay_hollow_rounded_squares, uniq_psyche
Temple:   dpeg_five_rooms_temple

Skill      XL: |  1  2  3  4  5  6  7  8  9 10 |
---------------+-------------------------------+-----
Unarmed Combat | 1 2 3 4 6 7 |  7.8
Dodging        | 2 |  2.7
Transmutations | 1 2 3 4 |  4.1
Poison Magic   | 3 4 5 6 |  6.5
Throwing       | 1 |  1.2
Spellcasting   | 2 3 |  3.6
Invocations    | 1 2 3 |  3.7
Earth Magic    | 1 2 3 |  3.0
Stealth        | |  1.0

Action                   |  1- 3 |  4- 6 |  7- 9 | 10-12 || total
-------------------------+-------+-------+-------+-------++-------
Melee: Unarmed           |   110 |   193 |   358 |    81 ||   742
       Staff             |       |    22 |       |       ||    22
       Punch             |       |       |     7 |     6 ||    13
Throw: Boomerang         |       |       |     8 |     1 ||     9
 Cast: Poisonous Vapours |       |       |    11 |     7 ||    18
       Olgreb's Toxic Ra |       |       |     1 |       ||     1
Invok: Heroism           |       |       |     1 |       ||     1
  Use: Scroll            |       |     2 |     6 |     2 ||    10
       Potion            |       |     1 |     8 |     1 ||    10
 Stab: Sleeping          |     3 |     1 |     1 |       ||     5
  Eat: Chunk             |    13 |    22 |    25 |    12 ||    72
       Ration            |       |     1 |     1 |       ||     2
Armor: Robe              |    36 |    75 |   124 |    26 ||   261
Dodge: Dodged            |    46 |   101 |   167 |    46 ||   360

Table legend:
 A = Non-vault XP
 B = Vault XP
 C = Vault XP percentage of total XP
 D = Non-vault monster count
 E = Vault monster count
 F = Vault count percentage of total count
                 A         B        C        D         E       F
            +---------+---------+-------+---------+---------+-------
      Total |    5650 |    1341 |  19.2 |     157 |      16 |   9.2
            +---------+---------+-------+---------+---------+-------
        D:1 |      44 |       0 |   0.0 |      26 |       0 |   0.0
        D:2 |     170 |       2 |   1.2 |      16 |       2 |  11.1
        D:3 |     135 |       0 |   0.0 |      25 |       0 |   0.0
        D:4 |     145 |       0 |   0.0 |       8 |       0 |   0.0
        D:5 |     246 |       0 |   0.0 |      12 |       0 |   0.0
        D:6 |     620 |     391 |  38.7 |      16 |       2 |  11.1
        D:7 |    1029 |     225 |  17.9 |      13 |       2 |  13.3
        D:8 |    2907 |     165 |   5.4 |      33 |       8 |  19.5
        D:9 |     354 |     558 |  61.2 |       8 |       2 |  20.0
            +---------+---------+-------+---------+---------+-------
